 Dungeon Crawl Stone Soup version 0.22-a0-469-gf26638a (webtiles) character file.

205210 4thArraOfDagon the Executioner (level 19, -2/167 HPs)
             Began as a Hill Orc Fighter on June 10, 2018.
             Was an Elder of Cheibriados.
             Slain by a dream sheep (19 damage)
             ... led by a cyclops
             ... on level 4 of the Shoals on June 12, 2018.
             The game lasted 01:17:50 (14576 turns).

4thArraOfDagon the Executioner (Hill Orc Fighter)  Turns: 14576, Time: 01:17:51

Health: -2/167     AC: 29    Str: 26    XL:     19   Next: 11%
Magic:  18/31      EV: 18    Int: 30    God:    Cheibriados [****..]
Gold:   385        SH:  0    Dex: 23    Spells: 22/34 levels left

rFire    x . .     SeeInvis +   o - +8 hand axe "Gufur" {holy, +Blink MR++ Str-4 Int+4 SInv}
rCold    + + .     Gourm    .   N - +1 buckler {AC+3}
rNeg     + . .     Faith    .   l - +1 ice dragon scales of Repulsion {rPois rF- rC++ rN+ Dex+4}
rPois    +         Spirit   .   b - +2 helmet {Int+3}
rElec    +         Reflect  .   (no cloak)
rCorr    .         Harm     .   c - +0 pair of gloves
MR       ++++.                  G - +2 pair of boots {Stlth+}
Stlth    ..........             U - amulet of regeneration
HPRegen  0.77/turn              r - ring of protection from magic
MPRegen  0.22/turn              C - +6 ring of protection

@: lethally poisoned (-2 -> -2), sleeping, studying Conjurations, very slow
A: thin metallic scales 1, electricity resistance, sturdy frame 1
a: Bend Time, Temporal Distortion, Slouch, Renounce Religion, Evoke Blink


You were on level 4 of the Shoals.
You worshipped Cheibriados.
Cheibriados was greatly pleased with you.
You were not hungry.

You visited 5 branches of the dungeon, and saw 30 of its levels.
You visited 1 bazaar.
You also visited: Ossuary.

You collected 3311 gold pieces.
You spent 2926 gold pieces at shops.

Inventory:

Hand Weapons
 a - a +0 broad axe of chopping
 o - the +8 hand axe "Gufur" (weapon) {holy, +Blink MR++ Str-4 Int+4 SInv}
   (You took it off a deep elf annihilator on level 3 of the Elven Halls)

   It has been blessed by the Shining One to cause great damage to the undead
   and demons.
   It affects your strength (-4).
   It affects your intelligence (+4).
   It affects your resistance to hostile enchantments.
   It lets you see invisible.
   It lets you blink.
 q - a +3 hand axe of flaming
 F - a +1 war axe of freezing
 I - the +6 arbalest "Damnation" {damnation}
   (You found it on level 3 of the Elven Halls)
Missiles
 i - 15 throwing nets (quivered)
Armour
 b - a +2 helmet of intelligence (worn)
 c - a +0 pair of gloves (worn)
 l - the +1 ice dragon scales of Repulsion (worn) {rPois rF- rC++ rN+ Dex+4}
   (You bought it in a shop on level 2 of the Elven Halls)

   It affects your dexterity (+4).
   It makes you vulnerable to fire.
   It greatly protects you from cold.
   It protects you from poison.
   It protects you from negative energy.
 v - the +0 robe of Hepalakau {rN+ Str+10 Stlth-}
   (You bought it in a shop in a bazaar)

   It affects your strength (+10).
   It protects you from negative energy.
   It makes you less stealthy.
 E - a +3 troll leather armour
 G - a +2 pair of boots of stealth (worn)
 N - a +1 buckler of protection (worn)
Magical Staves
 x - an uncursed staff of wizardry {!a}
 y - an uncursed staff of earth
Jewellery
 g - the ring of Wu Jian's Generosity {*Slow rF+++ Int-3 Dex+4 Slay+2}
   (You took it off a deep elf high priest on level 2 of the Elven Halls)

   [ring of intelligence]

   It affects your intelligence (-3).
   It affects your dexterity (+4).
   It affects your accuracy and damage with ranged weapons and melee attacks
   (+2).
   It renders you almost immune to fire.
   It may slow you when you take damage.
 r - a ring of protection from magic (left hand)
 C - a +6 ring of protection (right hand)
 K - an uncursed amulet of magic regeneration
 M - an uncursed ring of resist corrosion
 Q - an uncursed ring of protection from cold
 U - an amulet of regeneration (around neck)
Wands
 w - a wand of iceblast (15)
 z - a wand of digging (11)
 D - a wand of paralysis (17)
 O - a wand of clouds (7)
 P - a wand of polymorph (22)
Scrolls
 e - 2 scrolls of enchant armour
 h - 3 scrolls of fog
 k - 4 scrolls of enchant weapon
 m - 6 scrolls of immolation
 s - 3 scrolls of magic mapping
 t - a scroll of holy word
 H - 2 scrolls of silence
 J - 4 scrolls of teleportation
 V - 2 scrolls of amnesia
 W - 2 scrolls of fear
 Z - 2 scrolls of remove curse
Potions
 d - a potion of might
 j - 3 potions of berserk rage
 n - 4 potions of curing
 A - 2 potions of ambrosia
 B - 4 potions of brilliance
 S - a potion of mutation
Books
 u - a manual of Conjurations
Miscellaneous
 p - a lightning rod (4/4)
 L - a lamp of fire
 T - a phial of floods
 X - a phantom mirror
Comestibles
 f - 23 rations


   Skills:
 - Level 14.0 Fighting
 * Level 21.9 Axes
 - Level 3.3 Armour
 + Level 8.8 Dodging
 - Level 4.0 Shields
 - Level 8.0 Spellcasting
 - Level 6.1 Translocations
 - Level 14.0 Earth Magic
 - Level 15.0 Invocations


You had 22 spell levels left.
You knew the following spells:

 Your Spells              Type           Power        Failure   Level  Hunger
a - Apportation           Tloc           #####.       1%          1    None
b - Lee's Rapid Deconstr  Erth           #######...   1%          5    ####...
c - Passage of Golubria   Tloc           N/A          7%          4    #......
d - Passwall              Tmut/Erth      ######..     1%          2    None

Your spell library contained the following spells:

 Spells                   Type           Power        Failure   Level  Hunger
 Magic Dart               Conj           ##..         9%          1    None
 Conjure Flame            Conj/Fire      ##......     24%         3    None
 Bolt of Cold             Conj/Ice       ##........   100%        6    ######.
 Bolt of Magma            Conj/Fire/Erth #####.....   32%         5    ####...
 Slow                     Hex            ##......     12%         2    None
 Confuse                  Hex            ##......     24%         3    None
 Invisibility             Hex            ##......     100%        6    ######.
 Freezing Cloud           Conj/Ice/Air   ##........   100%        6    ######.
 Mephitic Cloud           Conj/Pois/Air  ##......     24%         3    None
 Ring of Flames           Chrm/Fire      ##........   100%        7    #######
 Venom Bolt               Conj/Pois      ##........   92%         5    ####...
 Olgreb's Toxic Radiance  Pois           ##......     63%         4    #......
 Teleport Other           Tloc           #####...     1%          3    None
 Summon Small Mammal      Summ           ##..         9%          1    None
 Blink                    Tloc           N/A          1%          2    None
 Animate Skeleton         Necr           N/A          9%          1    None
 Ozocubu's Refrigeration  Ice            ##........   100%        6    ######.
 Summon Ice Beast         Ice/Summ       ##......     63%         4    #......
 Call Imp                 Summ           ##......     12%         2    None
 Sting                    Conj/Pois      ##..         9%          1    None
 Tukima's Dance           Hex            ##......     24%         3    None
 Stone Arrow              Conj/Erth      ######       1%          3    None
 Ice Form                 Ice/Tmut       ##......     63%         4    #......
 Confusing Touch          Hex            ##....       9%          1    None
 Flame Tongue             Conj/Fire      ##...        9%          1    None
 Call Canine Familiar     Summ           ##......     24%         3    None
 Ensorcelled Hibernation  Hex/Ice        ##....       12%         2    None
 Metabolic Englaciation   Hex/Ice        ##........   92%         5    ####...
 Summon Butterflies       Summ           ##......     9%          1    None
 Corona                   Hex            ##.....      9%          1    None
 Alistair's Intoxication  Tmut/Pois      ##......     92%         5    ####...
 Sandblast                Erth           ######       1%          1    None
 Simulacrum               Ice/Necr       ##........   100%        6    ######.
 Petrify                  Tmut/Erth      ######..     4%          4    #......
 Shroud of Golubria       Chrm/Tloc      ####......   3%          2    None
 Iskenderun's Battlesphe  Conj/Chrm      ##......     92%         5    ####...
 Dazzling Spray           Conj/Hex       ##....       24%         3    None
 Song of Slaying          Chrm           ##......     12%         2    None
 Summon Lightning Spire   Summ/Air       ##......     63%         4    #......
 Summon Guardian Golem    Hex/Summ       ##......     24%         3    None
 Gell's Gravitas          Tloc           #####.....   1%          3    None
 Lesser Beckoning         Tloc           #####.....   1%          3    None
 Poisonous Vapours        Pois/Air       ##....       12%         2    None


Dungeon Overview and Level Annotations

Branches:
Dungeon (15/15)            Temple (0/1) D:4            Lair (6/6) D:11
 Shoals (4/4) Lair:2        Snake (0/4) Lair:2          Orc (2/2) D:9
    Elf (3/3) Orc:2
  Slime: Lair:5-6    Vaults: D:13-14     Depths: D:15

Altars:
Cheibriados
Gozag
Kikubaaqudgha
Makhleb
Qazlal
Sif Muna
Yredelemnul
The Shining One

Shops:
Orc:2 %%[}   Elf:2 %[[(

Portals:
Pandemonium: Orc:2

Annotations:
D:12 Nessos; VincentAMV's ghost, journeyman MiFi
D:15 Rupert
Lair:3 exclusion: oklob plant


Innate Abilities, Weirdness & Mutations

You are partially covered in thin metallic scales. (AC +2)
You are resistant to electric shocks. (rElec)
Your movements are slightly less encumbered by armour. (ER -2)


Message History

You feel sick. You block the dream sheep's attack.
The dream sheep splashes around in the water.
The cyclops throws a large rock.
The large rock hits you!
* * * LOW HITPOINT WARNING * * *
You hear a splash.
The dream sheep misses you.
You see here a large rock.
Unknown command.
Unknown command.
You feel sick.
A faun comes into view. It is wielding a spear.
The dream sheep shake their wool and sparkle.
You feel drowsy...
You fall asleep.
The dream sheep closely misses you.
All of the chunks of flesh in your inventory have rotted away.
The dream sheep bites you but does no damage.
The dream sheep splashes around in the water.
You feel sick. The dream sheep closely misses you. The dream sheep misses you.
The dream sheep bites you!!
You die...

..........≈≈≈≈..#PP...
...........≈≈≈≈≈......
.≈..........≈≈≈.......≈
≈≈Y...?..C..$)≈.......≈#
≈≈≈.......c.≈≈≈..()...≈#
C≈≈≈.......≈≈≈)......).##
YY≈Y≈≈.<.≈≈≈≈≈)≈........c
m≈≈≈≈≈≈.≈≈≈≈≈YY≈.........
≈≈≈≈≈≈≈≈≈≈≈≈≈≈@≈)........
≈≈≈≈.[≈≈≈≈≈≈≈≈(()........
≈≈≈......≈≈≈≈≈(≈≈........
≈≈≈.......≈(≈≈(≈≈....(...
≈≈≈.......≈..≈≈≈≈........
≈≈.......................
......................
....(.................
......))..##..####..##


You could see a faun, a cyclops and 2 dream sheep.

Vanquished Creatures
  Gastronok (D:9)
  10 deep elf sorcerers (Elf:3)
  Louise (Shoals:3)
  3 deep elf elementalists (Elf:3)
  6 deep elf demonologists (Elf:3)
  6 deep elf annihilators (Elf:3)
  The ghost of Supreme the Peltast, a journeyman TeWz of the Shining One (D:13)
  An ettin (Orc:2)
  3 merfolk javelineers
  9 merfolk impalers
  6 deep elf death magi (Elf:3)
  Josephine (Orc:2)
  A hydra (Lair:6)
  An ogre mage (Orc:2)
  2 deep elf high priests
  A rakshasa (D:14)
  2 merfolk avatars
  7 two-headed ogres
  A death knight (D:14)
  2 centaur warriors
  22 dancing weapons
  2 merfolk aquamancers
  6 tengu warriors
  4 orc high priests (Orc:2)
  A sun demon (Orc:2)
  9 deep elf knights
  2 skeletal warriors (D:14)
  An unseen horror (D:14)
  5 deep elf archers (Elf:3)
  A gelid demonspawn (Orc:2)
  A torturous demonspawn (Orc:2)
  Pikel (D:9)
  6 sea snakes
  4 orc knights (Orc:2)
  32 deep elf magi
  15 harpies
  A phantasmal warrior (D:14)
  4 manticores
  4 fauns
  7 orc sorcerers (Orc:2)
  3 ugly things (D:15)
  4 black mambas
  5 cyclopes
  8 elephants
  4 merfolk sirens
  A torpor snail (Lair:6)
  2 centaur skeletons (D:15)
  4 water nymphs
  13 spiny frogs
  A smoke demon (Orc:2)
  3 rime drakes
  A freezing wraith (D:14)
  7 komodo dragons
  34 merfolk
  6 trolls
  6 polar bears (Lair:6)
  5 wind drakes
  3 hornets (Lair:6)
  10 dream sheep
  5 blink frogs (Lair:5)
  5 slime creatures (D:15)
  6 snapping turtles
  8 hippogriffs
  Sigmund (D:3)
  An air elemental (Elf:2)
  5 ynoxinuls (Orc:2)
  3 wyverns
  44 yaks
  A basilisk (D:13)
  8 wraiths
  11 water elementals
  2 hungry ghosts
  A chaos spawn (Orc:2)
  2 nagas (Lair:2)
  10 vampire mosquitoes
  A swamp worm (Lair:1)
  9 water moccasins
  7 porcupines
  The ghost of VincentAMV the Ruffian, an amateur TrMo of Okawaru (D:3)
  3 sky beasts
  4 ice beasts
  A phantom (D:5)
  24 orc warriors
  8 ogres
  9 centaurs
  7 crocodiles
  4 big kobolds
  14 bullfrogs
  A wyvern zombie (D:14)
  6 scorpions
  14 wights
  3 howler monkeys
  An electric eel (Lair:2)
  3 crimson imps
  3 quasits
  5 centaur zombies
  8 hounds
  4 gnoll shamans (D:4)
  20 orc priests
  A bullfrog skeleton (D:7)
  5 jellies
  7 orc wizards
  2 iguanas
  A killer bee zombie (D:7)
  3 big kobold zombies (Ossuary)
  5 mummies (Ossuary)
  33 gnolls (D:4)
  11 adders
  2 shadow imps
  2 oozes
  5 worms
  3 dart slugs
  2 leopard geckos
  59 orcs
  6 bats
  8 giant cockroaches
  5 goblins
  2 hobgoblins (D:3)
  31 jackals
  7 quokkas
  3 ball pythons
  A frilled lizard (D:1)
  3 hobgoblin zombies (Ossuary)
  27 kobolds
  4 rats
  2 crawling corpses (Elf:3)
  A fungus (Lair:5)
  7 plants
834 creatures vanquished.

Vanquished Creatures (collateral kills)
  A deep elf blademaster (Elf:2)
1 creature vanquished.

Vanquished Creatures (others)
  A troll (D:13)
  3 slaves (D:9)
  An ogre (D:9)
  A bullfrog (D:9)
  An orc priest (D:9)
  3 orcs (D:9)
  4 kobolds (D:9)
  12 fungi
  19 plants
  4 tentacles (Shoals:3)
49 creatures vanquished.

Grand Total: 884 creatures vanquished

Notes
Turn   | Place    | Note
-------+----------+-------------------------------------------
     0 | D:1      | 4thArraOfDagon the Hill Orc Fighter began the quest for the Orb.
     0 | D:1      | Reached XP level 1. HP: 19/19 MP: 1/1
    32 | D:1      | Reached skill level 3 in Axes
   107 | D:3      | Found a snail-covered altar of Cheibriados.
   107 | D:3      | Noticed VincentAMV's ghost (amateur TrMo)
   123 | D:3      | Became a worshipper of Cheibriados the Contemplative
   200 | D:1      | Reached XP level 2. HP: 19/27 MP: 2/2
   389 | D:1      | Reached skill level 1 in Invocations
   579 | D:2      | Reached XP level 3. HP: 33/33 MP: 3/3
   612 | D:2      | Found a glowing golden altar of the Shining One.
   666 | D:2      | Reached * piety under Cheibriados
   739 | D:2      | Found a deep blue altar of Sif Muna.
   771 | D:3      | Noticed Sigmund
   785 | D:3      | Killed Sigmund
   785 | D:3      | Reached skill level 5 in Axes
   785 | D:3      | Reached skill level 1 in Dodging
   785 | D:3      | Reached XP level 4. HP: 18/41 MP: 3/6
   785 | D:3      | Reached XP level 5. HP: 21/47 MP: 3/7
   815 | D:3      | Found a burning altar of Makhleb.
   997 | D:4      | Noticed an ice beast
  1197 | D:3      | Reached XP level 6. HP: 53/53 MP: 8/8
  1198 | D:3      | Reached ** piety under Cheibriados
  1263 | D:3      | Gained mutation: You are partially covered in iridescent scales. (AC +2) [potion of mutation]
  1263 | D:3      | Gained mutation: Your mind is acute. (Int +2) [potion of mutation]
  1263 | D:3      | Gained mutation: Scrolls take you a little longer to read. [potion of mutation]
  1263 | D:3      | Gained mutation: You have a somewhat thin skeletal structure. (Dex +2, Stealth) [potion of mutation]
  1286 | D:3      | Killed VincentAMV's ghost
  1286 | D:3      | Reached skill level 5 in Fighting
  1286 | D:3      | Reached skill level 6 in Axes
  1472 | D:3      | Found a stormy altar of Qazlal.
  1741 | D:4      | Found a staircase to the Ecumenical Temple.
  1781 | D:4      | Found an ancient bone altar of Kikubaaqudgha.
  1793 | D:4      | Lost mutation: Your mind is acute. (Int +2) [potion of mutation]
  1793 | D:4      | Lost mutation: Scrolls take you a little longer to read. [potion of mutation]
  1793 | D:4      | Lost mutation: You have a somewhat thin skeletal structure. (Dex +2, Stealth) [potion of mutation]
  1793 | D:4      | Lost mutation: You are partially covered in iridescent scales. (AC +2) [potion of mutation]
  1793 | D:4      | Gained mutation: You are partially covered in thin metallic scales. (AC +2) [potion of mutation]
  1793 | D:4      | Gained mutation: You are resistant to electric shocks. (rElec) [potion of mutation]
  1793 | D:4      | Gained mutation: Your movements are slightly less encumbered by armour. (ER -2) [potion of mutation]
  1879 | D:4      | Reached XP level 7. HP: 57/61 MP: 9/9
  1896 | D:4      | Reached *** piety under Cheibriados
  1938 | D:4      | Reached skill level 7 in Axes
  2068 | D:4      | Reached XP level 8. HP: 26/70 MP: 11/11
  2139 | D:4      | Reached **** piety under Cheibriados
  2150 | D:4      | Reached skill level 5 in Invocations
  2237 | D:4      | Reached skill level 8 in Axes
  2410 | D:5      | Entered Level 5 of the Dungeon
  2634 | D:5      | Reached skill level 9 in Axes
  2656 | D:5      | Reached ***** piety under Cheibriados
  2691 | D:5      | Learned a level 1 spell: Apportation
  2910 | D:6      | Found an opulent altar of Gozag.
  2917 | D:6      | Reached XP level 9. HP: 78/78 MP: 13/13
  3114 | D:7      | Reached skill level 10 in Axes
  3192 | D:7      | Found a sand-covered staircase.
  3197 | Ossuary  | Entered an ossuary
  3377 | D:7      | Learned a level 5 spell: Lee's Rapid Deconstruction
  3429 | D:7      | Reached skill level 1 in Earth Magic
  3566 | D:8      | Reached ****** piety under Cheibriados
  3626 | D:8      | Reached skill level 1 in Spellcasting
  3690 | D:8      | Reached skill level 11 in Axes
  3754 | D:9      | Noticed Pikel
  3764 | D:9      | Killed Pikel
  3764 | D:9      | Reached XP level 10. HP: 88/88 MP: 15/15
  3775 | D:9      | Noticed Gastronok
  3829 | D:9      | Found a staircase to the Orcish Mines.
  3855 | Orc:1    | Entered Level 1 of the Orcish Mines
  3943 | Orc:1    | Noticed a cyclops
  4004 | Orc:1    | Killed a cyclops
  4004 | Orc:1    | Reached skill level 5 in Dodging
  4023 | Orc:1    | Noticed a two-headed ogre
  4032 | Orc:1    | Killed a two-headed ogre
  4095 | Orc:2    | Entered Level 2 of the Orcish Mines
  4104 | Orc:1    | Reached skill level 12 in Axes
  4243 | Orc:2    | Noticed an ettin
  4254 | Orc:2    | Killed an ettin
  4254 | Orc:2    | Reached skill level 5 in Earth Magic
  4258 | Orc:2    | Reached XP level 11. HP: 72/95 MP: 17/17
  4271 | Orc:2    | Found a staircase to the Elven Halls.
  4441 | Orc:2    | Noticed a two-headed ogre
  4441 | Orc:2    | Noticed an ogre mage
  4441 | Orc:2    | Noticed a two-headed ogre
  4442 | Orc:2    | Noticed a two-headed ogre
  4443 | Orc:2    | Noticed a two-headed ogre
  4444 | Orc:2    | Killed an ogre mage
  4444 | Orc:2    | Noticed a two-headed ogre
  4448 | Orc:2    | Killed a two-headed ogre
  4448 | Orc:2    | Reached skill level 13 in Axes
  4450 | Orc:2    | Killed a two-headed ogre
  4452 | Orc:2    | Killed a two-headed ogre
  4457 | Orc:2    | Killed a two-headed ogre
  4463 | Orc:2    | Killed a two-headed ogre
  4649 | Orc:2    | Noticed an orc knight
  4669 | Orc:2    | Killed an orc knight
  4669 | Orc:2    | Reached XP level 12. HP: 55/106 MP: 19/19
  4741 | Orc:2    | Found Xeninig's Food Shoppe.
  4769 | Orc:2    | Found Perafeitz's Food Emporium.
  4782 | Orc:2    | Reached skill level 10 in Fighting
  4793 | Orc:2    | Reached skill level 10 in Invocations
  4803 | Orc:2    | Reached skill level 14 in Axes
  4853 | Orc:2    | Noticed an orc high priest
  4855 | Orc:2    | Noticed a soul eater
  4871 | Orc:2    | Noticed Josephine
  4968 | Orc:2    | Noticed a sun demon
  4971 | Orc:2    | Killed a sun demon
  5084 | Orc:2    | Killed an orc high priest
  5203 | Orc:2    | Noticed an orc high priest
  5203 | Orc:2    | Noticed an orc high priest
  5206 | Orc:2    | Noticed a soul eater
  5208 | Orc:2    | Killed an orc high priest
  5208 | Orc:2    | Killed an orc high priest
  5289 | Orc:2    | Reached skill level 15 in Axes
  5300 | Orc:2    | Noticed an orc high priest
  5314 | Orc:2    | Killed an orc high priest
  5314 | Orc:2    | Reached XP level 13. HP: 109/115 MP: 10/21
  5321 | Orc:2    | Found Eteczenyots's Gadget Boutique.
  5321 | Orc:2    | Found a one-way gate leading to the halls of Pandemonium.
  5321 | Orc:2    | Found Loan's Antique Armour Shop.
  5325 | Orc:2    | Bought a pair of runed boots for 277 gold pieces
  5458 | D:9      | Killed Gastronok
  5458 | D:9      | Reached skill level 5 in Spellcasting
  5540 | D:9      | Found a basalt altar of Yredelemnul.
  5624 | D:10     | Entered Level 10 of the Dungeon
  5942 | D:11     | Found a staircase to the Lair.
  5949 | D:11     | Reached skill level 10 in Earth Magic
  6005 | D:11     | You fall through a shaft for 2 floors!
  6006 | D:13     | Noticed Supreme's ghost (journeyman TeWz)
  6415 | D:12     | Noticed VincentAMV's ghost (journeyman MiFi)
  6419 | D:12     | Noticed Nessos
  6459 | D:13     | Reached skill level 16 in Axes
  6547 | D:13     | Killed Supreme's ghost
  6759 | D:14     | Noticed a rakshasa
  6777 | D:14     | Killed a rakshasa
  6818 | D:14     | Reached XP level 14. HP: 50/125 MP: 3/23
  7065 | D:15     | Entered Level 15 of the Dungeon
  7156 | D:15     | Noticed Rupert
  7377 | D:15     | Reached skill level 17 in Axes
  7675 | Lair:1   | Entered Level 1 of the Lair of Beasts
  8593 | Lair:6   | Entered Level 6 of the Lair of Beasts
  8596 | Lair:6   | Paralysed by a hornet for 3 turns
  8766 | Lair:6   | Reached XP level 15. HP: 93/134 MP: 23/25
  8920 | Lair:6   | Reached skill level 18 in Axes
  9206 | Lair:6   | Got a warped lajatang
  9475 | Orc:2    | Killed Josephine
  9483 | Elf:1    | Entered Level 1 of the Elven Halls
  9530 | Elf:2    | Found Plog's Antique Armour Boutique.
  9549 | Elf:2    | Bought an ichor-stained scale mail for 198 gold pieces
  9549 | Elf:2    | Bought a shiny helmet for 165 gold pieces
  9559 | Elf:2    | Identified the cursed +1 scale mail of the Shoals {rElec Str+5 Int-5 SInv} (You bought it in a shop on level 2 of the Elven Halls)
  9589 | Elf:2    | Got a crude mace
  9595 | Elf:2    | Found Unoul's Food Shop.
  9613 | Elf:2    | Found Tekegh's Weapon Emporium.
  9648 | Elf:2    | Found Otyreg's Antique Armour Boutique.
  9774 | Elf:2    | Bought a faintly glowing chain mail for 256 gold pieces
  9774 | Elf:2    | Identified the +6 chain mail "Ifeteun" {*Corrode +Fly Int+2 Stlth+} (You bought it in a shop on level 2 of the Elven Halls)
  9798 | Elf:2    | Found a runed gate.
  9798 | Elf:2    | Found a runed gate.
  9809 | Elf:2    | Found a runed gate.
  9817 | Elf:3    | Entered Level 3 of the Elven Halls
  9828 | Elf:3    | Noticed a deep elf elementalist
 10085 | Elf:3    | Noticed a deep elf sorcerer
 10090 | Elf:3    | Killed a deep elf sorcerer
 10090 | Elf:3    | Noticed a deep elf sorcerer
 10097 | Elf:3    | Killed a deep elf sorcerer
 10104 | Elf:3    | Noticed a deep elf sorcerer
 10109 | Elf:3    | Killed a deep elf sorcerer
 10133 | Elf:3    | Noticed a deep elf sorcerer
 10141 | Elf:3    | Killed a deep elf sorcerer
 10141 | Elf:3    | Noticed a deep elf sorcerer
 10152 | Elf:3    | Killed a deep elf sorcerer
 10271 | Elf:3    | Identified the +9 lajatang of Due Proportion {drain, rPois} (You found it on level 6 of the Lair of Beasts)
 10313 | Elf:3    | Reached XP level 16. HP: 116/144 MP: 27/27
 10607 | Elf:2    | Reached skill level 19 in Axes
 10856 | Elf:2    | Got a wavering amber ring
 10857 | Elf:2    | Identified the cursed ring of Wu Jian's Generosity {*Slow rF+++ Int-3 Dex+4 Slay+2} (You took it off a deep elf high priest on level 2 of the Elven Halls)
 10948 | Elf:3    | HP: 4/144 [ghostly deep elf death mage/vampiric draining (22)]
 11184 | Elf:3    | Identified a scroll of acquirement
 11340 | Elf:3    | Got a slimy hand axe {holy}
 11341 | Elf:3    | Identified the +8 hand axe "Gufur" {holy, +Blink MR++ Str-4 Int+4 SInv} (You took it off a deep elf annihilator on level 3 of the Elven Halls)
 11474 | Elf:3    | Upgraded the game from 0.22-a0-467-g5c5de1c to 0.22-a0-469-gf26638a
 11659 | Elf:3    | Identified the +2 mace "Hydrabane" {drain, Int+3 Dex+2} (You found it on level 2 of the Elven Halls)
 11683 | Elf:3    | Identified the +5 hand axe "Wodoy" {flame, *Slow +Fly rPois} (You took it off a deep elf annihilator on level 3 of the Elven Halls)
 11749 | Elf:3    | Found the +6 arbalest "Damnation" {damnation}
 11786 | Elf:3    | Identified the Collected Works on Helpful Ignition
 11875 | Elf:3    | Learned a level 4 spell: Passage of Golubria
 11878 | Elf:3    | Learned a level 2 spell: Passwall
 12024 | Elf:2    | Reached skill level 1 in Translocations
 12076 | Elf:2    | Reached XP level 17. HP: 146/151 MP: 27/29
 12201 | Elf:2    | Noticed a deep elf blademaster
 12224 | Elf:2    | Killed a deep elf blademaster
 12288 | Elf:2    | Reached skill level 20 in Axes
 12456 | Elf:2    | Bought shimmering ice dragon scales for 1755 gold pieces
 12466 | Elf:2    | Identified the cursed +1 ice dragon scales of Repulsion {rPois rF- rC++ rN+ Dex+4} (You bought it in a shop on level 2 of the Elven Halls)
 12818 | Lair:2   | Found a staircase to the Snake Pit.
 12842 | Lair:2   | Found a staircase to the Shoals.
 12878 | Shoals:1 | Entered Level 1 of the Shoals
 12895 | Shoals:1 | Reached skill level 15 in Invocations
 13536 | Shoals:3 | Noticed a kraken
 13629 | Shoals:3 | Reached skill level 5 in Translocations
 13683 | Shoals:3 | Found a flickering gateway to a bazaar.
 13688 | Shoals:3 | Noticed Louise
 13712 | Shoals:3 | Killed Louise
 13797 | Bazaar   | Entered a bazaar
 13811 | Bazaar   | Found Dufroypp's Antique Armour Shoppe.
 13811 | Bazaar   | Found Zuci Keo's Weapon Emporium.
 13832 | Bazaar   | Found Toosav's Antique Armour Shoppe.
 13832 | Bazaar   | Found Ziodgh's Assorted Antiques.
 13836 | Bazaar   | Bought a purple potion for 13 gold pieces
 13853 | Bazaar   | Found Woir's Jewellery Shoppe.
 13853 | Bazaar   | Found Weneklo's Antique Weapon Emporium.
 13878 | Bazaar   | Reached skill level 21 in Axes
 13878 | Bazaar   | Reached XP level 18. HP: 160/160 MP: 30/30
 13879 | Bazaar   | Bought a fabulously ornate robe for 85 gold pieces
 13879 | Bazaar   | Bought a scroll of magic mapping for 52 gold pieces
 13879 | Bazaar   | Identified the +2 robe "Hoemiler" {rCorr Str+4} (You bought it in a shop in a bazaar)
 13888 | Bazaar   | Bought an ominously black robe for 125 gold pieces
 14116 | Shoals:3 | Identified the +0 robe of Hepalakau {rN+ Str+10 Stlth-} (You bought it in a shop in a bazaar)
 14232 | Shoals:4 | Entered Level 4 of the Shoals
 14432 | Shoals:4 | Reached XP level 19. HP: 120/167 MP: 31/31
 14547 | Shoals:4 | rip
 14547 | Shoals:4 | no armor
 14547 | Shoals:4 | no weapon
 14562 | Shoals:4 | HP: 4/167 [dream sheep[a cyclops] (21)]
 14576 | Shoals:4 | Slain by a dream sheep

Vault maps used:
D:1:      saegor_arrival_simple_d
D:2:      led_sif_pool, lemuel_coloured_pillars_altar, old_standard_altar,
          nicolae_ru_path_of_blood
D:3:      nicolae_overflow_hidden_temple, kennysheep_slug_shrine,
          overflow_temple_1_default, gup_sewer_entry_pipe,
          hangedman_feature_mirror, uniq_sigmund
D:4:      lemuel_castle_with_subvaults, kiku_gazebo_garden_becter,
          vehumet_statue, minmay_temple_entry_butterflies
D:5:      old_standard_altar, first_ration, chequers_big_river,
          hangedman_decor_lopped, fedhas_altar_4, uniq_ijyb
D:6:      old_standard_altar
D:7:      enter_ossuary_2, serial_bayou_pond_d, minmay_door_square
D:8:      uniq_joseph
D:9:      kennysheep_mini_moat, orc_0_dummy, uniq_gastronok, uniq_pikel
D:10:     grunt_livestock, minmay_lindwurm_lava
D:11:     lair_entry_dummy
D:12:     uniq_nessos
D:13:     david_vaults_5, kennysheep_windowed_goal
D:14:     minmay_misc_feat_enclosed, patterned_corridor
D:15:     grunt_enter_depths_snipers, serial_park_avenue1, uniq_rupert
Lair:1:   mumra_transporter_accident, worms_lemuel
Lair:2:   shoals_dummy_entry, guppyfry_snake_entry_island, guppyfry_lair_drakes
Lair:3:   pond, infiniplex_staircase_pool_2, minmay_lair_oklob_chamber,
          uniq_snorg
Lair:4:   uniq_kirke
Lair:6:   gammafunk_lair_ancient_temple, slime_altar_1
Shoals:3: serial_shops, bzr_entry_gold, uniq_louise
Shoals:4: shoals_end_grunt_garden, shoals_ilsuiw_ice,
          nicolae_shoals_square_sea_wall
Orc:2:    pf_orc_diabolical, uniq_josephine
Elf:1:    minmay_elf_necromancy, minmay_checkered_concentric_circles
Elf:2:    serial_shops, shop, shop_statue, nicolae_shop_trees, shop
Elf:3:    minmay_elf_hall_x
Bazaar:   bazaar_short_row
Ossuary:  ossuary_the_hunt_dpeg

Skill      XL: |  1  2  3  4  5  6  7  8  9 10 11 12 13 14 15 16 17 |
---------------+----------------------------------------------------+-----
Axes           | 3 5 6 7 9 11 12 13 15 16 17 18 19 21 | 21.9
Invocations    | 1 2 3 4 6 7 8 9 11 12 13 14 15 | 15.0
Fighting       | 4 5 6 8 9 10 11 12 13 14 | 14.0
Dodging        | 1 2 3 4 5 6 8 |  8.8
Earth Magic    | 3 5 7 9 10 12 13 14 | 14.0
Spellcasting   | 1 2 3 4 5 6 7 8 |  8.0
Shields        | 4 |  4.0
Translocations | 1 6 |  6.1
Armour         | |  3.3

Action                   |  1- 3 |  4- 6 |  7- 9 | 10-12 | 13-15 | 16-18 | 19-21 || total
-------------------------+-------+-------+-------+-------+-------+-------+-------++-------
Melee: War axe           |    67 |    59 |       |   316 |   967 |   757 |    11 ||  2177
       Hand axe          |       |    62 |   359 |    33 |    34 |   247 |     9 ||   744
       Broad axe         |       |       |       |       |       |    12 |       ||    12
Throw: Tomahawk          |       |       |     1 |       |       |       |       ||     1
       Throwing net      |       |       |       |       |       |     4 |       ||     4
 Cast: Apportation       |       |       |       |       |       |     3 |     1 ||     4
       Passage of Golubr |       |       |       |       |       |     2 |       ||     2
Invok: Bend Time         |       |     1 |       |     1 |       |       |       ||     2
       Slouch            |       |       |       |    11 |    16 |    10 |     5 ||    42
       Temporal Distorti |       |       |       |     1 |     1 |       |       ||     2
Evoke: Wand              |       |       |     8 |    10 |    16 |     4 |       ||    38
       Phial of floods   |       |       |       |       |     1 |     1 |       ||     2
       Lightning rod     |       |       |       |       |       |     7 |       ||     7
       Box of beasts     |       |       |       |       |       |     1 |       ||     1
  Use: Scroll            |     3 |     3 |     5 |     1 |    19 |    15 |       ||    46
       Potion            |     1 |     6 |       |       |    10 |     7 |     1 ||    25
 Stab: Paralysed         |       |       |       |    10 |    13 |       |       ||    23
       Sleeping          |       |       |       |       |     7 |     2 |       ||     9
       Confused          |       |       |       |       |     1 |       |       ||     1
       Distracted        |       |       |       |       |     3 |     2 |       ||     5
       Held in net/web   |       |       |       |       |       |     3 |       ||     3
  Eat: Chunk             |       |     2 |     4 |     6 |    14 |    11 |     1 ||    38
Armor: Scale mail        |    42 |    45 |   130 |    22 |       |       |       ||   239
       Skin              |       |     4 |       |       |    12 |       |       ||    16
       Troll leather arm |       |       |       |    72 |   379 |   163 |       ||   614
       Ice dragon scales |       |       |       |       |       |   245 |    32 ||   277
Dodge: Dodged            |    56 |    73 |   253 |   225 |   613 |   514 |    46 ||  1780
Block: Buckler           |       |       |       |       |   145 |   283 |    16 ||   444

Table legend:
 A = Spawn XP
 B = Non-spawn XP
 C = Spawn XP percentage of total XP
 D = Spawn monster count
 E = Non-spawn monster count
 F = Spawn count percentage of total count
 G = Total turns spent on level
                    A         B        C        D         E        F      G
               +---------+---------+-------+---------+---------+-------+---------
         Total |       0 |  254923 |   0.0 |       0 |     826 |   0.0 | 14576
               +---------+---------+-------+---------+---------+-------+---------
           D:1 |       0 |      33 |   0.0 |       0 |      15 |   0.0 |   454
           D:2 |       0 |      15 |   0.0 |       0 |       7 |   0.0 |   304
           D:3 |       0 |     504 |   0.0 |       0 |      41 |   0.0 |   954
           D:4 |       0 |     980 |   0.0 |       0 |      60 |   0.0 |   703
           D:5 |       0 |     570 |   0.0 |       0 |      16 |   0.0 |   425
           D:6 |       0 |     434 |   0.0 |       0 |       9 |   0.0 |   239
           D:7 |       0 |     966 |   0.0 |       0 |      33 |   0.0 |   303
           D:8 |       0 |     739 |   0.0 |       0 |      18 |   0.0 |   228
           D:9 |       0 |    5050 |   0.0 |       0 |      31 |   0.0 |   357
          D:10 |       0 |     754 |   0.0 |       0 |      18 |   0.0 |   195
          D:11 |       0 |    1821 |   0.0 |       0 |       9 |   0.0 |   291
          D:12 |       0 |    3311 |   0.0 |       0 |      23 |   0.0 |   406
          D:13 |       0 |    6308 |   0.0 |       0 |      27 |   0.0 |   385
          D:14 |       0 |   11334 |   0.0 |       0 |      28 |   0.0 |   412
          D:15 |       0 |    6746 |   0.0 |       0 |      17 |   0.0 |   439
        Lair:1 |       0 |     595 |   0.0 |       0 |       5 |   0.0 |   238
        Lair:2 |       0 |    5514 |   0.0 |       0 |      27 |   0.0 |   301
        Lair:3 |       0 |    3286 |   0.0 |       0 |      17 |   0.0 |   274
        Lair:4 |       0 |     891 |   0.0 |       0 |       6 |   0.0 |   144
        Lair:5 |       0 |    4650 |   0.0 |       0 |      14 |   0.0 |   342
        Lair:6 |       0 |   21756 |   0.0 |       0 |      70 |   0.0 |   664
      Shoals:1 |       0 |   15070 |   0.0 |       0 |      34 |   0.0 |   549
      Shoals:2 |       0 |    3144 |   0.0 |       0 |       7 |   0.0 |   148
      Shoals:3 |       0 |   22702 |   0.0 |       0 |      49 |   0.0 |   755
      Shoals:4 |       0 |   12557 |   0.0 |       0 |      21 |   0.0 |   125
         Orc:1 |       0 |    2643 |   0.0 |       0 |      16 |   0.0 |   398
         Orc:2 |       0 |   25843 |   0.0 |       0 |      92 |   0.0 |  1213
         Elf:1 |       0 |     615 |   0.0 |       0 |       1 |   0.0 |    63
         Elf:2 |       0 |   38513 |   0.0 |       0 |      51 |   0.0 |  1311
         Elf:3 |       0 |   57273 |   0.0 |       0 |      50 |   0.0 |  1675
       Ossuary |       0 |     306 |   0.0 |       0 |      14 |   0.0 |   160
               +---------+---------+-------+---------+---------+-------+---------
